Description

This Build Order comes from zuka. It's macro oriented with a Carrier / Distruptor playstyle (for late game)

Notes :

  • In this game, it's a Gate expand opening.
  • Stay in defense : The army composition is heavy tech oriented = less units. If you are surrounded, you will lose.
  • Your main defense until late game will be void/Immo before switching to carrier / Disru.

VOD

https://youtu.be/h_ZsQBr3yCc

Replay - MǂAdel v zuka - Lightshade LE

Build Order

Get SALT Encoding   

  12  0:00  Probe  
  13  0:12  Probe  
  14  0:17  Pylon  
  14  0:24  Probe (Chrono Boost)  
  16  0:36  Probe (Chrono Boost)  
  16  0:38  Gateway  
  16  0:41  Probe (Chrono Boost)  
  16  0:48  Assimilator  
  17  0:53  Probe  
  17  0:56  Assimilator  
  18  1:03  Pylon  
  18  1:07  Probe (Chrono Boost)  
  20  1:18  Probe (Chrono Boost)  
  20  1:23  Probe (Chrono Boost)  
  20  1:25  Cybernetics Core  
  21  1:28  Pylon  
  21  1:33  Probe  
  23  2:05  Nexus  
  23  2:10  Stalker (Chrono Boost)  
  25  2:24  Stargate  
  26  2:31  Warp Gate  
  26  2:42  Stalker  
  30  2:51  Pylon  
  29  3:01  Shield Battery  
  30  3:06  Oracle (Chrono Boost)  
  36  3:28  Void Ray (Chrono Boost)  
  42  3:43  Shield Battery  
  43  3:50  Robotics Facility  
  43  3:57  Pylon  
  47  4:21  Assimilator x2  
  48  4:27  Void Ray (Chrono Boost)  
  49  4:37  Observer (Chrono Boost)  
  55  4:40  Shield Battery  
  58  4:56  Immortal (Chrono Boost)  
  63  5:05  Shield Battery  
  63  5:06  Void Ray  
  69  5:17  Protoss Air Weapons Level 1  
  69  5:37  Immortal (Chrono Boost)  
  74  5:46  Fleet Beacon  
  76  6:05  Nexus  
  76  6:08  Shield Battery  
  75  6:14  Immortal (Chrono Boost)  
  79  6:25  Forge  
  80  6:31  Shield Battery  
  82  6:37  Carrier (Chrono Boost)  
  86  6:44  Stargate  
  86  6:53  Sentry  
  88  6:54  Immortal (Chrono Boost)  
  96  7:22  Photon Cannon  
  97  7:27  Immortal  
  110  7:45  Carrier (Chrono Boost)  
  116  7:51  Carrier (Chrono Boost)  
  119  8:03  Photon Cannon x2  
  121  8:11  Assimilator x2  
  120  8:19  Robotics Bay  
  120  8:23  Protoss Air Weapons Level 2 (Chrono Boost)  
  121  8:27  Photon Cannon  
  120  8:40  Carrier (Chrono Boost)  
  128  8:54  Photon Cannon x2  
  128  8:55  Carrier (Chrono Boost)  
  135  8:59  Phoenix (Chrono Boost)  
  135  9:06  Disruptor (Chrono Boost)  
  138  9:27  Nexus  
  138  9:32  Carrier (Chrono Boost)  
  138  9:33  Stargate  
  144  9:39  Disruptor (Chrono Boost)  
  147  9:59  Photon Cannon  
Spawning Tool Build Advisor. Get it on Overwolf

Go to:

Details

  • Created by: zuka      
  • Published on: Dec 13, 2020
  • Patch: 4.11.0
  • Difficulty: Easy
Show
View Real Time Build Order
Export as new Build Order

Comments (0)

There are no comments. Be the first!

Create an account to comment!